[Event "WYCC 2018 O16"]
[Site "Halkidiki"]
[Date "2018.10.20"]
[Round "1"]
[White "Horvath, Dominik"]
[Black "Fossan, Aleksander"]
[Result "1-0"]
[ECO "A04"]
[WhiteElo "2447"]
[BlackElo "2173"]
[Annotator "ChessBase"]
[PlyCount "95"]
[EventDate "2018.10.20"]
[EventType "swiss"]
[EventCountry "GRE"]
[SourceTitle "playchess.com"]
[Source "ChessBase"]
[SourceQuality "1"]
[TimeControl "40/5400+30:1800+30"]

1. Nf3 c5 2. c4 Nc6 3. d4 cxd4 4. Nxd4 e5 5. Nb5 a6 6. Nd6+ Bxd6 7. Qxd6 Qe7 8. Qd1 Qb4+ 9. Nd2 Nf6 10. a3 Qa5 11. e3 O-O 12. Be2 d5 13. O-O Be6 14. b4 Qc7 15. cxd5 Bxd5 16. Bb2 Rfd8 17. Qe1 Qe7 18. Rc1 e4 19. Nc4 Bxc4 20. Rxc4 Ne5 21. Rd4 Rac8 22. Qd2 Rxd4 23. Bxd4 Qc7 24. h3 Nc4 25. Bxc4 Qxc4 26. Bxf6 gxf6 27. Qd7 Qc6 28. Qg4+ Kh8 29. Rd1 Rg8 30. Qf4 Rg6 31. h4 Qe6 32. h5 Rg5 33. h6 Qe5 34. Rd8+ Rg8 35. Qg4 Qg5 36. Rxg8+ Qxg8 37. Qxe4 Qd8 38. g3 b5 39. Qb7 Kg8 40. Qe4 Qf8 41. Qf4 Qd8 42. Qg4+ Kf8 43. Qg7+ Ke7 44. Qxh7 Qd1+ 45. Kg2 Qd5+ 46. e4 Qg5 47. Qg7 Qe5 48. Qg4 1-0

[Event "WYCC 2018 O16"]
[Site "Halkidiki"]
[Date "2018.10.20"]
[Round "1"]
[White "Vlachos, Anatole"]
[Black "Lou, Vincent"]
[Result "1-0"]
[ECO "A45"]
[WhiteElo "2435"]
[BlackElo "2155"]
[Annotator "NA"]
[PlyCount "95"]
[EventDate "2018.10.20"]
[EventType "swiss"]
[EventCountry "GRE"]
[SourceTitle "playchess.com"]
[Source "ChessBase"]
[SourceQuality "1"]
[TimeControl "40/5400+30:1800+30"]

1. d4 Nf6 2. Bg5 g6 3. Bxf6 exf6 4. e3 b6 5. h4 h5 6. Be2 Bb7 7. Bf3 c6 8. Ne2 Bg7 9. c4 d6 10. Nbc3 Nd7 11. b4 Qc7 12. b5 c5 13. Nd5 Qb8 14. Nef4 f5 15. O-O Nf6 16. a4 Nxd5 17. Nxd5 O-O 18. dxc5 dxc5 19. Ra3 Re8 20. g3 ({White should play} 20. a5 $16) 20... Qe5 21. a5 Rad8 22. axb6 axb6 23. Ra7 Bc8 24. Qc2 Rd6 25. Rd1 Bf8 26. Qa2 Red8 27. Ra8 R6d7 28. Qa4 Qe6 29. Rb8 Bb7 30. Rxd8 Rxd8 31. Qa7 Ba8 ({Black should play} 31... Rd7 $1 $14) 32. Rd2 Bxd5 $18 (32... f4 $16) 33. Bxd5 Rd7 34. Qa8 Qf6 35. Ra2 Qd8 36. Qxd8 Rxd8 37. Ra7 Rb8 38. Rxf7 Kh8 39. e4 fxe4 40. Bxe4 Rd8 41. Bxg6 Bg7 42. Bxh5 Rd4 43. Be2 Rd2 44. Kf1 Rc2 45. h5 Bd4 46. h6 Rc1+ 47. Kg2 Rc2 48. Rf8+ 1-0

[Event "WYCC 2018 O16"]
[Site "Halkidiki"]
[Date "2018.10.20"]
[Round "1"]
[White "Zarubitski, Viachaslau"]
[Black "Bulockin, Martin"]
[Result "1-0"]
[ECO "B67"]
[WhiteElo "2417"]
[BlackElo "2144"]
[Annotator "ChessBase"]
[PlyCount "89"]
[EventDate "2018.10.20"]
[EventType "swiss"]
[EventCountry "GRE"]
[SourceTitle "playchess.com"]
[Source "ChessBase"]
[SourceQuality "1"]
[TimeControl "40/5400+30:1800+30"]

1. e4 c5 2. Nf3 d6 3. d4 cxd4 4. Nxd4 Nf6 5. Nc3 Nc6 6. Bg5 Bd7 7. Qd2 a6 8. O-O-O e6 9. f3 Be7 10. Kb1 b5 11. h4 h6 12. Be3 h5 13. Nxc6 Bxc6 14. Bg5 b4 15. Ne2 d5 16. Nd4 Bb7 17. e5 Nd7 18. Bxe7 Qxe7 19. f4 g6 20. Rh3 Nb6 21. Be2 Rc8 22. Rdh1 Nc4 23. Qd1 Qc5 24. g4 hxg4 25. Bxg4 Ke7 26. h5 gxh5 27. Bxh5 Rcf8 28. Qg1 Nd2+ 29. Ka1 Ne4 30. Qe3 Bc8 31. Bf3 Rxh3 32. Rxh3 Qc4 33. Be2 Qc7 34. Qg1 Bd7 35. Rh7 Qb8 36. Bh5 Be8 37. Bf3 Bd7 38. Bh5 Be8 39. Bf3 Bd7 40. Bxe4 dxe4 41. Qg5+ Ke8 42. Rh1 Qb6 43. Rd1 Rh8 44. Qf6 Rg8 45. Nf5 1-0

[Event "WYCC 2018 O16"]
[Site "Halkidiki"]
[Date "2018.10.20"]
[Round "1"]
[White "Teclaf, Pawel"]
[Black "Alivodic, Dario"]
[Result "1-0"]
[ECO "A06"]
[WhiteElo "2384"]
[BlackElo "2082"]
[Annotator "NA"]
[PlyCount "59"]
[EventDate "2018.10.20"]
[EventType "swiss"]
[EventCountry "GRE"]
[SourceTitle "playchess.com"]
[Source "ChessBase"]
[SourceQuality "1"]
[TimeControl "40/5400+30:1800+30"]

1. Nf3 d5 2. g3 c6 3. b3 Nf6 4. Bb2 Bf5 5. Bg2 e6 6. O-O Be7 7. d3 h6 8. Nbd2 O-O 9. Re1 Bh7 10. e4 Qb6 {[%emt 0:01:28] A07: Réti Opening: New York and Capablanca Systems} (10... a5 11. a4 Na6 12. Qe2 Nb4 13. Rec1 Re8 14. h3 Qb6 15. e5 Nd7 16. Ne1 c5 17. Kh2 f6 18. exf6 Bxf6 19. Bxf6 Nxf6 {1-0 (48) Sjugirov,S (2677)-Burmakin,V (2494) St Petersburg 2018}) 11. Qe2 Nbd7 12. h3 $146 ({Predecessor:} 12. Kh1 Rfd8 13. Rac1 a5 14. a3 Bf8 15. h3 a4 16. b4 c5 17. c3 {0-1 (35) Mainka,G (2345)-Boidman,Y (2432) Germany 2002}) 12... a5 13. a3 a4 (13... Rfd8 $11) 14. b4 c5 15. exd5 exd5 16. Qxe7 Rfe8 17. Bxf6 Rxe7 18. Bxe7 cxb4 19. Bxb4 Rc8 20. Re7 Nf6 21. Ne5 Rxc2 22. Bxd5 Bxd3 23. Bxf7+ Kh7 24. Nxd3 $18 Qd4 25. Rae1 Qxd3 26. R7e3 Qd8 27. Nf3 b6 28. Ne5 Rc7 29. Bg6+ Kg8 30. Ng4 1-0

[Event "WYCC 2018 O16"]
[Site "Halkidiki"]
[Date "2018.10.20"]
[Round "1"]
[White "Gatineau, Yovann"]
[Black "Fernandez Garcia, Gumersindo"]
[Result "1-0"]
[ECO "A48"]
[WhiteElo "2376"]
[BlackElo "2065"]
[Annotator "NA"]
[PlyCount "115"]
[EventDate "2018.10.20"]
[EventType "swiss"]
[EventCountry "GRE"]
[SourceTitle "playchess.com"]
[Source "ChessBase"]
[SourceQuality "1"]
[TimeControl "40/5400+30:1800+30"]

1. d4 Nf6 2. Nf3 g6 3. c4 Bg7 4. Nc3 d6 5. e4 O-O 6. h3 e5 7. dxe5 dxe5 8. Be3 {[%emt 0:00:03] E90: King's Indian: Classical: Early deviations and 6 h3} (8. Qxd8 Rxd8 9. Bg5 Na6 10. Nd5 Rd6 11. Bxf6 Bxf6 12. Rc1 b6 13. b4 c6 14. Nxf6+ Rxf6 15. a3 c5 16. b5 Nc7 17. Rd1 a6 18. Rd8+ {0-1 (44) Wang,Y (2690)-Saric,I (2669) Riadh 2017}) 8... c6 9. c5 Qe7 10. Nd2 $146 ({Predecessor:} 10. Be2 Nh5 11. O-O Nf4 12. Bc4 Ne6 13. Qd6 Qf6 14. Rad1 h6 15. Qd2 Kh7 {½-½ (25) Miladinovic,L (2078)-Martinovic,S (2447) Paracin 2012}) 10... Rd8 11. Qa4 Be6 12. Bc4 Bxc4 13. Nxc4 Na6 14. b4 Rd3 15. Rc1 Rd4 16. Qb3 Nxe4 17. Bxd4 exd4 18. Nxe4 Qxe4+ 19. Kf1 Re8 20. Nd6 Qe2+ 21. Kg1 Re7 22. Rc2 Qe5 (22... Qe1+ $17 23. Kh2 Qxb4) 23. a3 Bf8 24. Qf3 Nc7 $14 (24... b6 $11) 25. g3 Ne8 26. Nc4 Qe6 27. Kg2 Rd7 28. Rd1 Ng7 29. Na5 Qf5 30. Qxf5 Nxf5 31. Re2 Ng7 32. Re4 Ne6 33. f4 h5 34. g4 hxg4 35. hxg4 d3 36. f5 gxf5 37. gxf5 Ng7 38. f6 Nf5 39. Re5 Nh4+ 40. Kf2 Ng6 41. Re3 d2 42. Rh3 b6 43. cxb6 axb6 44. Nxc6 Rd6 45. Ne7+ Nxe7 46. fxe7 Bxe7 47. Rg3+ Kf8 48. Ke2 Bh4 49. Rd3 Re6+ 50. Kxd2 Ke7 51. Kc3 Rc6+ 52. Kb3 f5 53. Rf1 Rf6 54. Rh3 Bg5 55. Rh5 Be3 56. Rfxf5 Rxf5 57. Rxf5 Kd6 58. Kc4 {[%emt 0:00:06] Kd5+} 1-0

[Event "WYCC 2018 O16"]
[Site "Halkidiki"]
[Date "2018.10.20"]
[Round "1"]
[White "Schitco, Ivan"]
[Black "Fainman, Tomer"]
[Result "1-0"]
[ECO "A11"]
[WhiteElo "2376"]
[BlackElo "2054"]
[Annotator "NA"]
[PlyCount "63"]
[EventDate "2018.10.20"]
[EventType "swiss"]
[EventCountry "GRE"]
[SourceTitle "playchess.com"]
[Source "ChessBase"]
[SourceQuality "1"]
[TimeControl "40/5400+30:1800+30"]

1. c4 c6 2. g3 d5 3. Nf3 Nf6 4. Bg2 g6 5. b3 Bg7 6. Bb2 Bf5 7. O-O O-O 8. d3 Qd7 9. Nbd2 Bh3 {[%emt 0:01:00] LiveBook: 6 Games} 10. Qc2 $14 Na6 11. a3 Rac8 12. b4 Rfd8 13. Rfd1 Bxg2 14. Kxg2 c5 15. b5 Nc7 16. e4 d4 17. h3 h6 18. Rf1 Qe8 19. e5 Nd7 20. Rae1 Kh7 21. Bc1 Qh8 22. Ne4 Ne6 23. Nh2 Nxe5 24. f4 Nd7 25. f5 Nc7 26. fxg6+ fxg6 27. Rf7 Re8 28. Bxh6 Kxh6 29. Ng5 Bf6 30. h4 Ne5 31. Rxe5 Bxe5 32. Ng4+ 1-0

[Event "WYCC 2018 O16"]
[Site "Halkidiki"]
[Date "2018.10.20"]
[Round "1"]
[White "Shubin, Kirill"]
[Black "Onslow, Alfie"]
[Result "1/2-1/2"]
[ECO "B48"]
[WhiteElo "2369"]
[BlackElo "2037"]
[Annotator "NA"]
[PlyCount "47"]
[EventDate "2018.10.20"]
[EventType "swiss"]
[EventCountry "GRE"]
[SourceTitle "playchess.com"]
[Source "ChessBase"]
[SourceQuality "1"]
[TimeControl "40/5400+30:1800+30"]

1. e4 c5 2. Nf3 e6 3. d4 cxd4 4. Nxd4 Nc6 5. Nc3 Qc7 6. Be3 a6 7. Qf3 Nf6 8. Nxc6 dxc6 9. Qg3 Qxg3 10. hxg3 e5 11. O-O-O b5 12. f3 Be6 13. g4 Nd7 14. Kb1 Bc5 15. Bxc5 Nxc5 16. Rh5 g6 $15 17. Rh4 Kf8 18. Re1 Kg7 19. g3 Rad8 20. Nd1 Rd4 21. Ne3 a5 22. Bg2 b4 23. Reh1 a4 24. b3 1/2-1/2

[Event "WYCC 2018 O16"]
[Site "Halkidiki"]
[Date "2018.10.20"]
[Round "1"]
[White "Wachinger, Nikolas"]
[Black "Loukopoulos, Panagiotis-Athanasi"]
[Result "1/2-1/2"]
[ECO "B40"]
[WhiteElo "2360"]
[BlackElo "1988"]
[Annotator "NA"]
[PlyCount "48"]
[EventDate "2018.10.20"]
[EventType "swiss"]
[EventCountry "GRE"]
[SourceTitle "playchess.com"]
[Source "ChessBase"]
[SourceQuality "1"]
[TimeControl "40/5400+30:1800+30"]

1. e4 c5 2. Nf3 e6 3. g3 Nc6 4. Bg2 Nf6 5. Qe2 d5 6. exd5 Nxd5 7. O-O Be7 8. Rd1 Bf6 9. c3 O-O 10. d4 $11 cxd4 11. cxd4 b6 12. Nc3 Nxc3 13. bxc3 Bb7 14. Ne5 Bxe5 15. dxe5 Qc7 16. Ba3 Rfd8 17. Bd6 Qc8 18. Qg4 Rd7 19. Rac1 Na5 20. Rd4 Bxg2 21. Kxg2 Qc6+ 22. Kg1 b5 23. Rcd1 Nc4 24. Qe2 Rad8 1/2-1/2

[Event "WYCC 2018 O16"]
[Site "Halkidiki"]
[Date "2018.10.20"]
[Round "1"]
[White "Sankalp Gupta"]
[Black "Aravena Navarro, Alexis Andres"]
[Result "1-0"]
[ECO "A46"]
[WhiteElo "2352"]
[BlackElo "1970"]
[Annotator "NA"]
[PlyCount "93"]
[EventDate "2018.10.20"]
[EventType "swiss"]
[EventCountry "GRE"]
[SourceTitle "playchess.com"]
[Source "ChessBase"]
[SourceQuality "1"]
[TimeControl "40/5400+30:1800+30"]

1. d4 Nf6 2. Nf3 e6 3. Bf4 b6 4. e3 Bb7 5. Bd3 d6 6. O-O Nbd7 7. h3 Qe7 8. Bh2 e5 9. dxe5 dxe5 10. Bc4 Qc5 11. Nbd2 Bd6 12. e4 $11 O-O 13. Qe2 a6 14. a4 Rfe8 15. Ng5 Re7 16. Nb3 Qc6 17. Bb5 axb5 18. axb5 Ba6 19. bxc6 Bxe2 20. Rxa8+ Nf8 21. Re1 Bb5 22. Nd2 h6 23. Ngf3 Bxc6 24. Rd8 Re6 25. Nc4 Bxe4 26. Ncxe5 Bb4 27. c3 Be7 28. Rdd1 c5 29. Nd2 Bc2 30. Rc1 Ba4 31. Nec4 b5 32. Rxe6 Nxe6 33. Nb6 Bd8 34. Nxa4 bxa4 35. Ra1 Nd5 36. Nc4 Bg5 37. Rxa4 Kh7 38. Bd6 Nf6 39. Ra7 Kg6 40. Ne5+ Kf5 41. Nd3 Ne4 42. Bxc5 f6 43. Bb6 Nd6 44. Ra5+ Kg6 45. Ra4 Kf5 46. g4+ Kg6 47. f4 1-0

[Event "WYCC 2018 O16"]
[Site "Halkidiki"]
[Date "2018.10.20"]
[Round "1"]
[White "Koustav Chatterjee"]
[Black "Pena Cifuentes, Tomas Alberto"]
[Result "1-0"]
[ECO "A06"]
[WhiteElo "2344"]
[BlackElo "1952"]
[Annotator "NA"]
[PlyCount "67"]
[EventDate "2018.10.20"]
[EventType "swiss"]
[EventCountry "GRE"]
[SourceTitle "playchess.com"]
[Source "ChessBase"]
[SourceQuality "1"]
[TimeControl "40/5400+30:1800+30"]

1. Nf3 d5 2. e3 Nf6 3. c4 e6 4. b3 c5 5. Bb2 Nc6 6. cxd5 exd5 7. Be2 Bd6 8. O-O O-O 9. d4 Bg4 10. dxc5 Bxc5 11. Nc3 a6 12. h3 {[%emt 0:00:24] LiveBook: 5 Games} Bh5 13. Rc1 Ba7 14. Nh4 Bxe2 15. Nxe2 Re8 16. Nf5 $14 Ne5 17. Qc2 Ne4 18. Rfd1 Qg5 19. Nfd4 Qh4 20. Nf4 Rad8 21. Nf5 Qg5 22. Nxd5 Nf3+ 23. Kh1 Bc5 24. Nde7+ Bxe7 25. Qxe4 Nd2 26. Nxe7+ Rxe7 27. Qc2 Red7 28. Bd4 Nf3 29. gxf3 Qh5 30. Kh2 Qxf3 31. Rg1 f5 32. Rg3 Qh5 33. Qc4+ Kh8 34. Rcg1 1-0

[Event "WYCC 2018 O16"]
[Site "Halkidiki"]
[Date "2018.10.20"]
[Round "1"]
[White "Guerra Rivera, Salvador"]
[Black "Lin, Kerry"]
[Result "1-0"]
[ECO "B40"]
[WhiteElo "2340"]
[BlackElo "1931"]
[Annotator "NA"]
[PlyCount "69"]
[EventDate "2018.10.20"]
[EventType "swiss"]
[EventCountry "GRE"]
[SourceTitle "playchess.com"]
[Source "ChessBase"]
[SourceQuality "1"]
[TimeControl "40/5400+30:1800+30"]

1. e4 c5 2. Nf3 e6 3. d4 cxd4 4. Nxd4 Nf6 5. Nc3 Nc6 6. Ndb5 Bb4 7. a3 Bxc3+ 8. Nxc3 d5 9. Bd3 O-O 10. O-O d4 11. Ne2 e5 12. h3 $11 Qb6 13. b4 Re8 14. Ng3 Be6 15. f4 exf4 16. Bxf4 Ne7 17. Bg5 Nd7 18. h4 Ne5 19. h5 h6 20. Bf4 N7c6 21. b5 Nxd3 22. Qxd3 Na5 23. Nf5 Bxf5 24. exf5 Rac8 25. Rae1 Red8 26. Rf2 Rc3 27. Qe4 Rc4 28. Qe7 Rdc8 29. Bd6 Qxb5 30. f6 Qxh5 31. fxg7 Kxg7 32. Be5+ Kg8 33. Qf6 Kf8 34. Bxd4 Rxd4 35. Qh8# 1-0

[Event "WYCC 2018 O16"]
[Site "Halkidiki"]
[Date "2018.10.20"]
[Round "1"]
[White "Morgunov, Daniel"]
[Black "Hafstad, Leif"]
[Result "1-0"]
[ECO "C06"]
[WhiteElo "2328"]
[BlackElo "1928"]
[Annotator "NA"]
[PlyCount "75"]
[EventDate "2018.10.20"]
[EventType "swiss"]
[EventCountry "GRE"]
[SourceTitle "playchess.com"]
[Source "ChessBase"]
[SourceQuality "1"]
[TimeControl "40/5400+30:1800+30"]

1. e4 e6 2. d4 d5 3. Nd2 Nf6 4. e5 Nfd7 5. Bd3 c5 6. c3 Nc6 7. Ne2 cxd4 8. cxd4 f6 9. exf6 Nxf6 10. O-O Bd6 11. Nf3 Qc7 12. Bg5 O-O 13. Bh4 Nh5 14. Qc2 h6 15. Rfe1 {[%emt 0:03:07] C06: French Tarrasch: 3...Nf6 4 e5 Nfd7 5 Bd3 main lines} (15. Bh7+ Kh8 16. Bg6 Nf4 17. Nxf4 Rxf4 18. Bg3 Rxf3 19. gxf3 Qe7 20. Rad1 Bd7 21. Qc3 Rf8 22. Bb1 Kg8 {1-0 (41) Artemiev,V (2653)-Onischuk,V (2615) Martuni 2016}) 15... Rxf3 $146 ({Predecessor:} 15... Bd7 16. Rac1 Rxf3 17. gxf3 Bxh2+ 18. Kh1 Rf8 19. Be7 Rxf3 20. Kg2 Nf4+ 21. Kxf3 Be8 22. Nxf4 Nxd4+ {0-1 (22) Lauer,F (1124)-Pepermans,T (2361) LSS email 2013}) 16. gxf3 Bxh2+ 17. Kg2 Nf4+ 18. Nxf4 Qxf4 19. Bh7+ Kh8 20. Bg3 Bxg3 21. fxg3 Qxd4 22. Rad1 Qf6 23. Bg6 $11 Bd7 24. Bh5 Rc8 25. Qd2 Ne5 26. Qe2 Nc4 27. b3 Nd6 28. Bg4 Nf5 29. Rc1 Re8 30. Bxf5 Qxf5 31. Qe5 Qxe5 32. Rxe5 Kg8 33. Kf2 Bc6 34. f4 Kf7 35. Ke3 Ke7 36. Kd4 Kd6 37. f5 exf5 38. Rxc6+ 1-0

[Event "WYCC 2018 O16"]
[Site "Halkidiki"]
[Date "2018.10.20"]
[Round "1"]
[White "Golikov, Daniil"]
[Black "Carroll, Peter"]
[Result "1-0"]
[ECO "E73"]
[WhiteElo "2319"]
[BlackElo "1917"]
[Annotator "NA"]
[PlyCount "73"]
[EventDate "2018.10.20"]
[EventType "swiss"]
[EventCountry "GRE"]
[SourceTitle "playchess.com"]
[Source "ChessBase"]
[SourceQuality "1"]
[TimeControl "40/5400+30:1800+30"]

1. d4 Nf6 2. c4 g6 3. Nc3 Bg7 4. e4 O-O 5. Be2 d6 6. Bg5 c5 7. d5 e6 8. Nf3 h6 9. Bf4 exd5 10. cxd5 Re8 11. Nd2 a6 12. a4 Qe7 13. a5 Nbd7 14. O-O Ne5 15. h3 Nfd7 16. Qc2 Rf8 17. Bg3 g5 18. Nd1 Ng6 19. Ne3 Nde5 20. Rfe1 Nf4 21. Bf1 f5 22. Bxf4 gxf4 23. Nxf5 Bxf5 24. exf5 Qf7 25. Ne4 Qxf5 26. Qb3 Qg6 27. Kh1 f3 28. g3 h5 29. Qxb7 Rfb8 30. Qe7 Rxb2 31. Nxd6 Rxf2 32. Rxe5 Bxe5 33. Qxe5 Rd8 34. Ne4 Rc2 35. Nf6+ Kf8 36. Re1 Qf7 37. Nh7+ 1-0

[Event "WYCC 2018 O16"]
[Site "Halkidiki"]
[Date "2018.10.20"]
[Round "1"]
[White "Ongut, Tamas Gunes"]
[Black "Sargsyan, Shant"]
[Result "0-1"]
[ECO "C92"]
[WhiteElo "2185"]
[BlackElo "2463"]
[Annotator "RC"]
[PlyCount "80"]
[EventDate "2018.10.20"]
[EventType "swiss"]
[EventCountry "GRE"]
[SourceTitle "playchess.com"]
[Source "ChessBase"]
[SourceQuality "1"]
[TimeControl "40/5400+30:1800+30"]

1. e4 e5 2. Nf3 Nc6 3. Bb5 a6 4. Ba4 Nf6 5. O-O Be7 6. Re1 b5 7. Bb3 d6 8. c3 O-O 9. h3 Re8 10. d4 Bf8 11. Nbd2 Bb7 12. a4 h6 13. Bc2 exd4 14. cxd4 Nb4 15. Bb1 c5 16. d5 Nd7 17. Ra3 c4 18. Rae3 Nc5 19. b3 Ncd3 20. Rf1 f5 21. bxc4 bxc4 22. exf5 Bxd5 23. Nb3 Qf6 24. Nbd4 Bxf3 25. Nxf3 d5 26. Rxe8 Rxe8 27. Be3 Bd6 28. Bxd3 Nxd3 29. Nd4 Re4 30. Qh5 Rxd4 31. Qe8+ Bf8 32. Bxd4 Qxd4 33. Qe6+ Kh8 34. Qxa6 Nxf2 35. Rxf2 Bc5 36. Qc8+ Kh7 37. Qe6 Qxf2+ 38. Kh2 Qg1+ 39. Kg3 Qe3+ 40. Qxe3 Bxe3 0-1

[Event "WYCC 2018 O16"]
[Site "Halkidiki"]
[Date "2018.10.20"]
[Round "1"]
[White "Beukes, Dante M"]
[Black "Vrolijk, Liam"]
[Result "0-1"]
[ECO "C50"]
[WhiteElo "2155"]
[BlackElo "2437"]
[Annotator "ChessBase"]
[PlyCount "70"]
[EventDate "2018.10.20"]
[EventType "swiss"]
[EventCountry "GRE"]
[SourceTitle "playchess.com"]
[Source "ChessBase"]
[SourceQuality "1"]
[TimeControl "40/5400+30:1800+30"]

1. e4 e5 2. Nf3 Nc6 3. Bc4 Bc5 4. O-O Nf6 5. d3 O-O 6. c3 d6 7. h3 h6 8. Re1 a5 9. a4 Be6 10. Nbd2 Qd7 11. Bxe6 fxe6 12. Nf1 Nh5 13. Be3 Nf4 14. N1h2 Rad8 15. g3 Bxe3 16. Rxe3 Ng6 17. d4 exd4 18. Nxd4 e5 19. Qb3+ Rf7 20. Nf5 Kh7 21. Re2 b6 22. Nf1 Nf8 23. Qb5 Ne6 24. Nd2 Ng5 25. Kg2 g6 26. h4 Nxe4 27. Nxh6 Rxf2+ 28. Rxf2 Nxf2 29. Rf1 Rf8 30. Rxf2 Rxf2+ 31. Kxf2 Kxh6 32. Nf3 d5 33. Ng5 e4 34. Qa6 Ne5 35. Qe2 Qxa4 0-1

[Event "WYCC 2018 O16"]
[Site "Halkidiki"]
[Date "2018.10.20"]
[Round "1"]
[White "Kovacsy, Barnabas"]
[Black "Kaasen, Tor Fredrik"]
[Result "0-1"]
[ECO "B63"]
[WhiteElo "2104"]
[BlackElo "2388"]
[Annotator "NA"]
[PlyCount "62"]
[EventDate "2018.10.20"]
[EventType "swiss"]
[EventCountry "GRE"]
[SourceTitle "playchess.com"]
[Source "ChessBase"]
[SourceQuality "1"]
[TimeControl "40/5400+30:1800+30"]

1. e4 c5 2. Nf3 d6 3. d4 cxd4 4. Nxd4 Nf6 5. Nc3 Nc6 6. Bg5 e6 7. Qd2 Be7 8. O-O-O Nxd4 9. Qxd4 a6 10. f4 b5 11. Bxf6 gxf6 12. Be2 Rb8 13. a3 Bd7 14. Bh5 Qb6 $11 15. Qxb6 Rxb6 16. Rd3 O-O 17. h4 a5 18. Bf3 b4 19. Nb1 Rfb8 20. b3 a4 21. axb4 Rxb4 22. Nd2 Rc8 23. Kb2 f5 24. g3 fxe4 25. Nxe4 d5 26. Nd2 a3+ 27. Kb1 Bb5 28. Re3 Bf6 29. Re5 Bxe5 30. fxe5 Rd4 31. Rh2 a2+ 0-1

[Event "WYCC 2018 O16"]
[Site "Halkidiki"]
[Date "2018.10.20"]
[Round "1"]
[White "French, Max"]
[Black "Ibrahimli, Murad"]
[Result "1/2-1/2"]
[ECO "E12"]
[WhiteElo "2074"]
[BlackElo "2379"]
[Annotator "NA"]
[PlyCount "89"]
[EventDate "2018.10.20"]
[EventType "swiss"]
[EventCountry "GRE"]
[SourceTitle "playchess.com"]
[Source "ChessBase"]
[SourceQuality "1"]
[TimeControl "40/5400+30:1800+30"]

1. d4 Nf6 2. c4 e6 3. Nf3 b6 4. a3 Ba6 5. Qb3 d5 6. cxd5 {[%emt 0:00:26] E12: Queen's Indian: Unusual White 4th moves, 4 a3, 4 Nc3 Bb7 5 a3 and 4 Nc3 Bb7} exd5 7. Nc3 Be7 8. Bg5 (8. g3 O-O 9. Bg2 Bb7 10. O-O Nbd7 11. Nh4 g6 12. Bf4 c5 13. Nf3 cxd4 14. Nxd4 {½-½ (64) Bukavshin,I (2657)-Bocharov,D (2558) Khanty-Mansiysk 2015}) 8... Bb7 9. g3 $146 ({Predecessor:} 9. Bxf6 Bxf6 10. e3 O-O 11. Bd3 c6 12. O-O Na6 13. Rad1 Nc7 {1-0 (42) Deepan Chakkravarthy,J (2530)-Roubalik,J (2402) Arad 2018}) 9... O-O 10. Bxf6 Bxf6 11. Bg2 Na6 12. O-O Re8 13. Rfe1 c5 14. Rad1 Rc8 15. Rd2 Qd7 16. Qb5 Qe7 17. Nxd5 Bxd5 18. Qxa6 Bxf3 19. Bxf3 cxd4 20. Qd3 Bg5 21. Rc2 Rxc2 22. Qxc2 g6 23. Rd1 Rd8 24. Be4 Qe6 25. f4 Rc8 26. Qd3 Bf6 27. f5 Qe7 28. fxg6 hxg6 29. Qf3 Kg7 30. Bd3 Bg5 31. Kg2 Rc7 32. h4 Rc1 33. Rf1 Rxf1 34. Qxf1 Be3 35. b4 Qe6 36. Qf3 Qe5 37. Bc4 Qc7 38. Qd5 Qe7 39. Qf3 Qc7 40. Qd5 Qe7 41. a4 $11 Qf6 42. Qf3 Bd2 43. b5 Be1 44. Qxf6+ Kxf6 45. Kh3 1/2-1/2

[Event "WYCC 2018 O16"]
[Site "Halkidiki"]
[Date "2018.10.20"]
[Round "1"]
[White "Carlsson, Ludvig"]
[Black "Lianes Garcia, Marcos"]
[Result "0-1"]
[ECO "C68"]
[WhiteElo "2058"]
[BlackElo "2376"]
[Annotator "NA"]
[PlyCount "142"]
[EventDate "2018.10.20"]
[EventType "swiss"]
[EventCountry "GRE"]
[SourceTitle "playchess.com"]
[Source "ChessBase"]
[SourceQuality "1"]
[TimeControl "40/5400+30:1800+30"]

1. e4 e5 2. Nf3 Nc6 3. Bb5 a6 4. Bxc6 dxc6 5. O-O Bg4 6. h3 h5 7. c3 Qf6 8. d4 Bxf3 {[%emt 0:05:33] C68: Ruy Lopez: Exchange Variation, sidelines} 9. Qxf3 Qxf3 10. gxf3 {[%emt 0:00:10] LiveBook: 4 Partien} f6 11. f4 exd4 12. cxd4 O-O-O 13. Be3 f5 $146 ({Predecessor:} 13... Nh6 14. Nc3 Rg8 15. Kh1 Be7 16. f5 {½-½ (64) Pritchard,D-Schnegelsberg,N Castlebar 1969}) 14. e5 $1 Bb4 15. a3 Ba5 16. b4 Bb6 17. Rd1 Ne7 18. Nc3 Rhf8 19. Ne2 Nd5 20. h4 Kd7 21. Kg2 g6 22. Rab1 Ra8 23. Kf3 Ke6 24. Rg1 Rg8 25. Bd2 Kf7 26. Ra1 Rgd8 27. Rgb1 Ne7 28. Ke3 Rd7 29. Kd3 Rad8 30. Be3 c5 31. bxc5 Bxc5 32. Rxb7 Bb6 33. Rb1 Rd5 34. Nc3 Rxd4+ 35. Bxd4 Rxd4+ 36. Ke2 Ba5 37. Nd1 Rxf4 38. Ra7 Rxh4 39. Rxa6 Re4+ 40. Kf3 Rxe5 41. Ne3 Rc5 42. a4 Nc6 43. Kg3 Nd4 44. Rd1 Bc3 45. Rd3 g5 46. Kh3 g4+ 47. Kh4 f4 48. Nxg4 hxg4 49. Kxg4 Ne6 50. Rh3 Bg7 51. Rh7 Rg5+ 52. Kf3 Re5 53. Kg4 Kg6 54. Rh1 Rg5+ 55. Kf3 Kf5 56. Ra5+ c5 57. Ke2 Ke4 58. Ra7 f3+ 59. Kd2 Bd4 60. Rh4+ Kd5 61. Rf7 Bxf2 62. Rh8 (62. Rh1 $142 Nd4 63. Rd7+ Kc6 64. Rf7) 62... Nd4 63. a5 Re5 (63... Kc4 $142 64. Rhf8 Nb3+ 65. Kc2 Rg1) 64. a6 Re2+ 65. Kd1 Re1+ 66. Kd2 Kc4 67. Rb7 Re2+ 68. Kc1 Kc3 69. Kb1 Nc2 70. Ka2 Nb4+ 71. Ka3 Ra2# 0-1

[Event "WYCC 2018 O16"]
[Site "Halkidiki"]
[Date "2018.10.20"]
[Round "1"]
[White "Rodriguez Izquierdo, Luis"]
[Black "Davtyan, Artur"]
[Result "0-1"]
[ECO "C51"]
[WhiteElo "2038"]
[BlackElo "2374"]
[Annotator "NA"]
[PlyCount "46"]
[EventDate "2018.10.20"]
[EventType "swiss"]
[EventCountry "GRE"]
[SourceTitle "playchess.com"]
[Source "ChessBase"]
[SourceQuality "1"]
[TimeControl "40/5400+30:1800+30"]

1. e4 e5 2. Nf3 Nc6 3. Bc4 Bc5 4. b4 Bxb4 5. c3 Be7 6. d4 d6 {[%emt 0:09:17] [#]} 7. Qb3 $1 Kf8 8. Bxf7 Nf6 9. Ng5 exd4 10. Be6 Na5 11. Qa4 b6 12. O-O $15 Nxe4 13. Bxc8 Bxg5 14. Bf5 Nc5 15. Qc2 Bf6 16. cxd4 Bxd4 17. Nc3 Qf6 18. Bb2 Qf7 19. Rae1 Bf6 20. Bxh7 Qh5 21. h3 Qxh7 22. Qe2 Qd3 23. Qg4 Rh4 0-1

[Event "WYCC 2018 O16"]
[Site "Halkidiki"]
[Date "2018.10.20"]
[Round "1"]
[White "Triantos, Konstantinos"]
[Black "Abdisalimov, Abdimalik"]
[Result "0-1"]
[ECO "B50"]
[WhiteElo "2002"]
[BlackElo "2368"]
[Annotator "NA"]
[PlyCount "54"]
[EventDate "2018.10.20"]
[EventType "swiss"]
[EventCountry "GRE"]
[SourceTitle "playchess.com"]
[Source "ChessBase"]
[SourceQuality "1"]
[TimeControl "40/5400+30:1800+30"]

1. e4 c5 2. Nf3 d6 3. Nc3 Nf6 4. e5 dxe5 5. Nxe5 a6 6. g3 Nbd7 7. d4 e6 8. Be3 Qc7 9. Nxd7 Bxd7 $15 10. Bg2 Rd8 11. Qe2 Bc6 12. Bf4 Qc8 13. d5 Nxd5 14. O-O-O Nxc3 15. Bxc6+ Qxc6 16. bxc3 Be7 17. Rxd8+ Bxd8 18. Rd1 O-O 19. Qd3 Bf6 20. Qd7 Qe4 21. Qc7 Qa4 22. Qxc5 b6 23. Qxb6 Qxa2 24. Kd2 Rc8 25. Qb3 Qa5 26. Ke1 Rxc3 27. Qb1 Rb3+ 0-1